 Dungeon Crawl Stone Soup version 0.32-a0-995-gb4a59205af (webtiles) character file.

Game seed: 17035134184263763102

6279 GiantSquids the Grappler (level 10, -8/68 HPs)
             Began as an Octopode Cinder Acolyte on Apr 22, 2024.
             Was an Initiate of Ignis.
             Mangled by Harold
             ... wielding a +0 halberd
              (13 damage)
             ... on level 9 of the Dungeon on Apr 23, 2024.
             The game lasted 00:29:18 (8564 turns).

GiantSquids the Grappler (Octopode Cinder Acolyte)  Turns: 8564, Time: 00:29:18

Health: -8/68      AC:  1    Str: 23    XL:     10   Next: 94%
Magic:  0/11       EV: 17    Int: 24    God:    Ignis [......]
Gold:   576        SH:  0    Dex:  7    Spells: 11/11 levels left

rFire   + +          .
                       - Unarmed
rCold   . . .        (no shield)
rNeg    . . .        c - +0 hat
rPois   .            H - amulet of guardian spirit
rElec   .            h - +6 ring of intelligence
rCorr   .            j - +6 ring of strength
SInv    .            y - +5 ring of evasion
Will    .....        F - ring of protection from fire
Stlth   +++          (no ring)
HPRegen 0.31/turn    (no ring)
MPRegen 0.12/turn    (no ring)
                     (no ring)

%: guardian spirit
@: rising, flying
A: almost no armour, amphibious, 8 rings, camouflage 1, gelatinous body 1,
(nimble swimmer 1), tentacles
a: Renounce Religion


You were on level 9 of the Dungeon.
You worshipped Ignis.
Ignis was noncommittal.
You visited 1 branch of the dungeon, and saw 9 of its levels.
You also visited: Sewer and Bailey.

You collected 576 gold pieces.

Inventory:

Missiles
 t - 54 stones (quivered)
Armour
 c - a +0 hat (worn)
Jewellery
 h - a +6 ring of intelligence (left tentacle)
 j - a +6 ring of strength (right tentacle)
 s - a ring of fire
 y - a +5 ring of evasion (on tentacle)
 F - a ring of protection from fire (on tentacle)
 H - an amulet of guardian spirit (around mantle)
Talismans
 v - a blade talisman
Wands
 u - a wand of quicksilver (10)
 w - a wand of charming (4)
 x - a wand of flame (24)
Scrolls
 a - 3 scrolls of immolation {unknown}
 b - 3 scrolls of fear {unknown}
 d - 5 scrolls of identify {unknown}
 e - 2 scrolls of teleportation {unknown}
 g - 4 scrolls of revelation {unknown}
 i - 2 scrolls of noise {unknown}
 k - a scroll of acquirement {unknown}
 n - a scroll of enchant weapon {unknown}
 o - 3 scrolls of poison {unknown}
 p - a scroll of enchant armour {unknown}
Potions
 f - 5 potions of brilliance {unknown}
 l - a potion of attraction {unknown}
 m - a potion of ambrosia {unknown}
 q - a potion of curing {unknown}
 r - 3 potions of degeneration {unknown}
 z - 3 potions of invisibility {unknown}
 A - a potion of enlightenment {unknown}
 B - 5 potions of resistance {unknown}
 C - a potion of might {unknown}
 D - 2 potions of cancellation {unknown}
 E - 2 potions of lignification {unknown}
 G - 2 potions of mutation {unknown}


   Skills:
 + Level 5.9 Fighting
 + Level 4.9 Dodging
 - Level 3.5 Stealth
 + Level 12.5 Unarmed Combat
 - Level 1.0 Spellcasting
 - Level 3.0 Fire Magic
 * Level 6.5 Shapeshifting


You had 11 spell levels left.
You didn't know any spells.
Your spell library contained the following spells:

 Spells                   Type           Power      Damage    Failure   Level
 Scorch                   Fire           30%        2d6       6%          2
 Kiss of Death            Conj/Necr      4%         2d5       13%         1
 Magic Dart               Conj           4%         1d3       13%         1
 Sandblast                Erth           2%         2d4       13%         1
 Slow                     Hex            4%         N/A       13%         1
 Summon Small Mammal      Summ           4%         N/A       13%         1
 Cigotuvi's Dreadful Rot  Necr/Alch/Air  2%         N/A       21%         2
 Lesser Beckoning         Tloc           2%         N/A       21%         2
 Searing Ray              Conj           2%         2d4       21%         2
 Confusing Touch          Hex            1%         N/A       36%         3
 Maxwell's Portable Pile  Tloc           1%         2d(5-13)  36%         3
 Passwall                 Erth           1%         N/A       36%         3
 Stone Arrow              Conj/Erth      2%         3d7       36%         3
 Teleport Other           Tloc           1%         N/A       36%         3
 Vampiric Draining        Necr           1%         2d6       36%         3
 Ignite Poison            Fire/Alch      8%         N/A       56%         4
 Brom's Barrelling Bould  Conj/Erth      1%         2d3       78%         4
 Dispel Undead            Necr           1%         3d6       78%         4
 Fulminant Prism          Conj/Alch      0%         3d5       78%         4
 Freezing Cloud           Conj/Ice/Air   0%         6-21      98%         5
 Bombard                  Conj/Erth      0%         9d1       100%        6
 Haunt                    Necr/Summ      0%         N/A       100%        7
 Manifold Assault         Tloc           0%         N/A       100%        7
 Seismic Cannonade        Alch/Erth      0%         6d4       100%        7


Dungeon Overview and Level Annotations

Branches:
Dungeon (9/15)             Temple (0/1) D:7             Orc (0/2) D:9
  Sewer (visited)          Bailey (visited)
   Lair: D:8-11

Altars:
Ashenzari
Cheibriados
Dithmenos
Fedhas
Makhleb
Okawaru
Sif Muna
Uskayaw
The Shining One

Shops:
D:3 =

Annotations:
D:6 2 transporters, Anchor's ghost, amateur CoBr
D:9 Harold


Innate Abilities, Weirdness & Mutations

You cannot wear most types of armour.
You are amphibious.
You can wear up to eight rings at the same time.
Your skin changes colour to match your surroundings (Stealth+).
Your rubbery body absorbs attacks. (AC +1, EV +1)
((You are camouflaged when in or above water. (Stealth+)))
You have tentacles for arms and can constrict up to eight enemies at once.


Message History

The wolf bites you. The wolf misses you.
You batter the wolf!!
You kill the wolf!
Harold the Weathered comes into view.
He is wielding a +0 halberd, wearing a +2 scale mail of positive energy and quivering 4 throwing nets.
Harold shouts!
Harold fires a harpoon shot at you. The harpoon shot misses you.
Harold is nearby!
The orc shouts!
Okay, then.
An orc comes into view. It is wielding a +0 short sword.
Harold hits you with a +0 halberd!
The orc shouts!
You bludgeon Harold! Your grab misses Harold.
Harold is lightly wounded.
Harold hits you with a +0 halberd!
You bludgeon Harold! You grab Harold.
Harold is moderately wounded.
You constrict Harold. Harold hits you with a +0 halberd!!
You tentacle-slap Harold but do no damage.
Harold is moderately wounded.
You constrict Harold!
You tentacle-slap Harold but do no damage.
You squeeze Harold, but do no damage.
Harold is moderately wounded.
You constrict Harold, but do no damage. Harold hits you with a +0 halberd!
* * * LOW HITPOINT WARNING * * *
The orc closely misses you.
You begin to rise into the air.
You constrict Harold. Harold hits you with a +0 halberd!
* * * LOW HITPOINT WARNING * * *
The orc barely misses you.
Okay, then.
Okay, then.
You tentacle-slap Harold but do no damage.
Harold is heavily wounded.
You constrict Harold! Harold hits you with a +0 halberd!
You die...
Harold says, "Time to retire."
Ignis goes out, and joins you in death.

........................#.o
........................#..
........................##.
..........>...... #.
................. #.
#............. #..
#...)...o..... ...
#)......o.....
###...@@#...#
#########)....# ...
#...)...).....# .
#.......).....#
#####........>....#
..................#
..................#
..................#
..................#


You could see Harold and 2 orcs.

Vanquished Creatures
  A tengu warrior (D:9)
  A two-headed ogre (D:8)
  An orc knight (Bailey)
  Maggie (D:6)
  Jeremiah (D:6)
  A hornet (D:9)
  Sigmund (D:6)
  Eustachio (D:4)
  A water moccasin (D:6)
  3 orc warriors (Bailey)
  2 black bears
  A sky beast (D:7)
  2 wolves (D:9)
  2 ogres (D:6)
  A centaur (D:8)
  2 phantoms
  A gnoll sergeant (D:7)
  2 bullfrogs
  5 scorpions
  14 wights
  4 howler monkeys
  A bombardier beetle (D:4)
  The ghost of GiantSquids the Changeling, a weakling OpSh (D:3)
  6 orc priests
  A hound (D:6)
  A jelly (D:6)
  A sleepcap (D:5)
  Jessica (D:3)
  Natasha (twice) (D:2)
  6 orc wizards
  6 iguanas
  12 gnolls
  6 river rats (Sewer)
  7 adders
  2 white imps
  2 ufetubi (D:5)
  A dart slug (D:5)
  3 ribbon worms
  25 orcs
  7 bats
  3 endoplasms
  4 giant cockroaches
  3 goblins
  7 hobgoblins
  A quokka (D:1)
  6 ball pythons
  7 frilled lizards
  17 kobolds
  35 rats
222 creatures vanquished.

Vanquished Creatures (others)
  17 foxfires (D:6)
17 creatures vanquished.

Grand Total: 239 creatures vanquished

Notes
Turn   | Place    | Note
-------+----------+-------------------------------------------
     0 | D:1      | GiantSquids the Octopode Cinder Acolyte began the quest for
                  | the Orb.
     0 | D:1      | Reached XP level 1. HP: 16/16 MP: 2/2
   110 | D:1      | Reached skill level 1 in Stealth
   111 | D:1      | Reached XP level 2. HP: 21/21 MP: 3/3
   363 | D:1      | Reached XP level 3. HP: 11/26 MP: 4/4
   657 | D:2      | Reached skill level 4 in Unarmed Combat
  1068 | D:2      | Noticed Natasha
  1077 | D:2      | Killed Natasha
  1078 | D:2      | Reached XP level 4. HP: 27/31 MP: 5/5
  1275 | D:2      | Noticed Natasha
  1285 | D:2      | Killed Natasha
  1559 | D:3      | Noticed Jessica
  1567 | D:3      | Killed Jessica
  1568 | D:3      | Reached skill level 5 in Unarmed Combat
  1568 | D:3      | Reached XP level 5. HP: 29/36 MP: 6/6
  1672 | D:3      | Found Lucuw's Jewellery Boutique.
  1677 | D:3      | Found an iron altar of Okawaru.
  1677 | D:3      | Found a broken altar of Ashenzari.
  1678 | D:3      | Found a snail-covered altar of Cheibriados.
  1678 | D:3      | Found a blossoming altar of Fedhas.
  1743 | D:3      | Found a runed translucent gate.
  1743 | D:3      | Found a runed translucent gate.
  1743 | D:3      | Found a runed translucent gate.
  1745 | D:3      | Noticed GiantSquids's ghost (weakling OpSh)
  2247 | D:3      | Killed GiantSquids's ghost
  2399 | D:4      | Reached XP level 6. HP: 41/42 MP: 7/7
  2463 | D:4      | Reached skill level 6 in Unarmed Combat
  2598 | D:4      | Noticed Eustachio
  2631 | D:4      | Noticed a black bear
  2637 | D:4      | Killed a black bear
  2655 | D:4      | Reached skill level 7 in Unarmed Combat
  2655 | D:4      | Reached XP level 7. HP: 26/46 MP: 8/8
  2761 | D:4      | Killed Eustachio
  3140 | D:5      | Entered Level 5 of the Dungeon
  3179 | D:5      | Reached skill level 8 in Unarmed Combat
  3752 | D:5      | Found a glowing golden altar of the Shining One.
  3752 | D:5      | Found a shimmering blue altar of Sif Muna.
  3752 | D:5      | Found a shadowy altar of Dithmenos.
  3826 | D:5      | Found a hide-covered altar of Uskayaw.
  3990 | D:6      | Identified the +2 dire flail of the Unliving {vamp, *Rage
                  | rF+ SInv}
  3990 | D:6      | Noticed a two-headed ogre
  3990 | D:6      | Noticed Anchor's ghost (amateur CoBr)
  3999 | D:5      | Reached XP level 8. HP: 52/52 MP: 9/9
  4001 | D:5      | Reached skill level 9 in Unarmed Combat
  4099 | D:6      | Found a transporter.
  4111 | D:6      | Noticed Maggie
  4125 | D:6      | Killed Maggie
  4126 | D:6      | Reached skill level 10 in Unarmed Combat
  4128 | D:6      | Noticed Jeremiah
  4181 | D:6      | Found a transporter.
  4213 | D:6      | Reached skill level 11 in Unarmed Combat
  4230 | D:6      | Noticed Sigmund
  4249 | D:6      | Reached XP level 9. HP: 9/56 MP: 10/10
  4295 | D:6      | Found a glowing drain.
  4401 | Sewer    | Entered a sewer
  5087 | D:6      | Reached skill level 1 in Shapeshifting
  5127 | D:6      | Reached skill level 1 in Dodging
  5246 | D:6      | Killed Sigmund
  5359 | D:6      | Killed Jeremiah
  5705 | D:8      | Noticed a two-headed ogre
  5715 | D:8      | HP: 2/58 [two-headed ogre/+0 giant spiked club (11)]
  5718 | D:8      | Killed a two-headed ogre
  5719 | D:8      | Reached skill level 12 in Unarmed Combat
  5719 | D:8      | Reached XP level 10. HP: 3/65 MP: 11/11
  6078 | D:8      | Found a burning altar of Makhleb.
  6233 | D:7      | Found a staircase to the Ecumenical Temple.
  7049 | D:8      | Reached skill level 5 in Fighting
  7049 | D:8      | Reached skill level 5 in Shapeshifting
  7338 | D:9      | HP: 3/66 [orc priest/divine providence (8)]
  7550 | D:9      | Found a flagged portal.
  7555 | D:9      | Noticed a tengu warrior
  7563 | D:9      | Killed a tengu warrior
  7567 | Bailey   | Entered a bailey
  7947 | Bailey   | Noticed an orc knight
  8132 | Bailey   | Killed an orc knight
  8273 | Bailey   | Got Sif Muna's Elucidation of Allies and the Voyage
  8274 | Bailey   | Identified the +0 pair of boots "Arisemao" {Rampage}
  8341 | D:9      | Found a staircase to the Orcish Mines.
  8555 | D:9      | Noticed Harold
  8564 | D:9      | Mangled by Harold

Illustrated notes

Levels and vault maps discovered:
D:1:      ebering_trefoil_twist, layout_rooms, serial_forest,
          infiniplex_forest_lined_2, infiniplex_forest_clump_small,
          infiniplex_forest_lined_2, infiniplex_forest_end_1,
          infiniplex_forest_straight_4, infiniplex_forest_clump_large,
          amcnicky_mini_rare_corridor_liquid, minmay_pentomino_t2
D:2:      layout_basic, skrybe_limestone_x, uniq_natasha
D:3:      layout_basic, chequers_temple_overflow_statue_of_worship,
          serial_shops, nicolae_shop_window_shopping, ebering_ghost_rock_garden,
          uniq_jessica
D:4:      minmay_evil_eye, layout_cave_pools, uniq_eustachio
D:5:      layout_basic, gammafunk_temple_overflow_claw,
          mainiacjoe_overflow_surrounded_room, serial_glass, glass_columns_c,
          glass_columns_a
D:6:      layout_cave_pools, gammafunk_ghost_smash, portal_sewer_entry_d,
          uniq_maggie, uniq_sigmund, uniq_jeremiah
D:7:      layout_gridville, minmay_temple_entry_gardened_gates,
          chequers_serial_rivers_small_a
D:8:      layout_cave_pools, kennysheep_little_box, minmay_liquid_box
D:9:      layout_gridville, erik_lair_orcish_takeover, david_orc_3,
          enter_bailey_2, uniq_harold

Skill      XL: |  1  2  3  4  5  6  7  8  9 10 |
---------------+-------------------------------+-----
Stealth        | 1 2 3 |  3.5
Unarmed Combat | 4 5 7 8 11 12 | 12.5
Shapeshifting  | 4 6 |  6.5
Dodging        | 3 4 |  4.9
Fighting       | 4 5 |  5.9
Spellcasting   | |  1.0
Fire Magic     | |  3.0

Action                     |  1- 3 |  4- 6 |  7- 9 | 10-12 || total
---------------------------+-------+-------+-------+-------++-------
  Melee: Unarmed           |    74 |    60 |   182 |   141 ||   457
         Tentacles         |    11 |     9 |    34 |    34 ||    88
         Constrict         |    11 |    12 |    48 |    31 ||   102
         Punch             |     2 |     3 |    10 |     7 ||    22
  Throw: Stone             |       |       |     4 |     8 ||    12
 Invoke: Fiery Armour      |       |     2 |     6 |     4 ||    12
         Foxfire Swarm     |       |       |     1 |       ||     1
         Rising Flame      |       |       |       |     1 ||     1
   Stab: Sleeping          |    10 |     6 |     4 |     3 ||    23
 Armour: Skin              |    29 |    28 |    60 |    66 ||   183
  Dodge: Dodged            |    31 |    22 |   105 |    86 ||   244

Table legend: (Time is in decaauts)
 A = Elapsed time spent in this place.
 B = Non-inter-level travel time spent in this place.
 C = Inter-level travel time spent in this place.
 D = Time resting spent in this place.
 E = Time spent auto-exploring this place.
 F = Levels seen in this place.
 G = Mean time per level.
                   A        B        C        D        E       F      G
               +--------+--------+--------+--------+--------+-----+--------+
         Total |   8494 |   8019 |    475 |    618 |   4931 |  11 |  772.2 |
       Dungeon |   7202 |   6727 |    475 |    535 |   4422 |   9 |  800.2 |
         Sewer |    567 |    567 |      0 |     44 |    233 |   1 |  567.0 |
        Bailey |    724 |    724 |      0 |     39 |    276 |   1 |  724.0 |
               +--------+--------+--------+--------+--------+-----+--------+

Top non-repeatable levels by time:
     D:8: 1013 daAuts
     D:3: 951 daAuts
     D:7: 903 daAuts
     D:5: 889 daAuts
     D:6: 851 daAuts
     D:2: 826 daAuts
     D:4: 755 daAuts
  Bailey: 724 daAuts
     D:1: 598 daAuts
   Sewer: 567 daAuts
     D:9: 412 daAuts
